Map: Dusk Towers

Players

Sacredplayer - Winner!

  • Race: Zerg Zerg
  • League: Silver

capac

  • Race: Terran Terran
  • League: Gold

VOD

Have the link to the VOD?

Description

Time

  • Played on: April 30, 2016, 5:55 a.m.
  • Length: 5:43
Show
View Real Time Build Order
Export as new Build Order

Sacredplayer Zerg - Winner!

Build Orders: Hatch First 

Get SALT Encoding   

  12  0:01  Drone  
  13  0:13  Overlord  
  13  0:18  Drone  
  14  0:34  Drone x2  
  16  0:36  Drone  
  17  0:54  Hatchery  
  17  0:56  Drone  
  17  0:59  Extractor  
  17  1:02  Drone  
  17  1:16  Spawning Pool  
  16  1:18  Drone  
  17  1:27  Drone  
  17  1:31  Drone  
  19  1:40  Drone  
  20  1:51  Drone  
  21  2:03  Zergling x2  
  21  2:05  Queen  
  21  2:06  Queen  
  21  2:08  Overlord  
  26  2:12  Drone  
  27  2:17  Metabolic Boost  
  27  2:20  Drone  
  28  2:26  Drone  
  29  2:30  Drone  
  30  3:02  Queen  
  32  3:08  Roach Warren, Drone x3  
  32  3:09  Drone x2  
  35  3:33  Overlord x4  
  35  3:52  Roach x6  
  47  3:58  Roach x5  
  47  4:00  Zergling x2  
  58  4:06  Drone  
  59  4:11  Overlord  
  59  4:25  Roach  
  59  4:26  Roach x2  
  65  4:31  Overlord x2  
  65  4:36  Roach  
  65  4:37  Roach  
  65  4:38  Zergling x4  
  71  4:50  Overlord x2  
  71  5:05  Roach  
  71  5:06  Zergling x2, Roach x3  
  71  5:07  Zergling x6  
  83  5:23  Roach  
  83  5:25  Zergling x6  
Show
View Real Time Build Order
Export as new Build Order

capac Terran 

Build Orders: Reaper Expand 

Get SALT Encoding   

  12  0:00  SCV  
  13  0:13  SCV  
  14  0:18  Supply Depot  
  14  0:25  SCV  
  15  0:39  SCV  
  15  0:41  Barracks  
  16  0:45  Refinery  
  16  0:52  SCV  
  17  1:04  SCV  
  18  1:16  SCV  
  19  1:28  Reaper  
  19  1:29  Orbital Command  
  20  1:42  Command Center  
  20  1:51  Supply Depot  
  20  1:55  SCV  
  20  1:59  Marine  
  22  2:12  Refinery, Factory  
  22  2:22  Barracks  
  22  2:27  SCV  
  22  2:28  Barracks Reactor  
  23  2:45  SCV  
  24  2:59  Starport, SCV  
  24  3:00  SCV  
  25  3:05  Marine x2  
  25  3:06  Barracks  
  25  3:11  Marine  
  28  3:16  Engineering Bay  
  28  3:19  Orbital Command  
  28  3:34  Barracks Tech Lab  
  28  3:43  Marine x2  
  28  3:46  SCV  
  28  3:48  SCV  
  32  3:53  Medivac  
  34  3:58  SCV  
  34  3:59  Marine  
  36  4:04  SCV  
  36  4:09  Factory Reactor  
  37  4:10  SCV  
  37  4:14  Marine x2  
  37  4:15  Marine  
  41  4:19  Supply Depot  
  41  4:20  SCV  
  41  4:23  Marine  
  43  4:25  Medivac  
  45  4:31  SCV  
  46  4:41  Marine x2  
  46  4:42  Supply Depot, Marine x2  
  50  4:54  SCV x2  
  50  4:58  Marine  
  53  5:05  Marine  
  53  5:06  Marine x2, SCV x2  
  58  5:10  Factory Tech Lab  
  58  5:16  Marine  
  58  5:18  SCV x2  
  58  5:19  Command Center  
Tags
 
Add a new tag
Caveats
  • Supply blocks, unpowered buildings, or Contaminate may cause inaccurate times.
  • Supply counts are checked every 10 seconds.